Map: Ulrena

Players

StarC

  • Race: Protoss Protoss
  • League: Silver

lesha - Winner!

  • Race: Terran Terran
  • League: Gold

VOD

Have the link to the VOD?

Description

Time

  • Played on: Jan. 9, 2016, 1:25 a.m.
  • Length: 12:28
Show
View Real Time Build Order
Export as new Build Order

StarC Protoss 

Build Orders: 1 Gate Expand 

Get SALT Encoding   

  12  0:01  Probe (Chrono Boost)  
  13  0:12  Probe (Chrono Boost)  
  14  0:23  Pylon  
  14  0:25  Probe (Chrono Boost)  
  15  0:41  Probe (Chrono Boost)  
  16  0:43  Gateway  
  16  0:52  Probe (Chrono Boost)  
  16  0:56  Assimilator  
  17  1:02  Probe (Chrono Boost)  
  18  1:23  Nexus  
  18  1:36  Probe (Chrono Boost)  
  19  1:41  Cybernetics Core  
  19  1:47  Probe (Chrono Boost)  
  20  1:50  Pylon  
  20  2:03  Probe (Chrono Boost)  
  20  2:07  Assimilator  
  21  2:14  Probe (Chrono Boost)  
  22  2:24  Robotics Facility  
  23  2:32  Probe (Chrono Boost)  
  21  3:00  Probe (Chrono Boost)  
  22  3:11  Mothership Core (Chrono Boost), Probe (Chrono Boost)  
  25  3:24  Observer (Chrono Boost)  
  26  3:29  Probe (Chrono Boost)  
  27  3:36  Gateway x2  
  27  3:39  Probe (Chrono Boost)  
  28  3:45  Warp Prism (Chrono Boost)  
  30  3:51  Probe  
  31  3:57  Probe  
  32  4:03  Probe  
  32  4:07  Probe  
  34  4:15  Probe  
  35  4:27  Probe  
  35  4:28  Warp Gate (Chrono Boost)  
  36  4:33  Gateway  
  36  4:34  Pylon  
  36  4:40  Probe  
  36  4:45  Forge, Pylon  
  37  5:11  Pylon  
  37  5:13  Pylon  
  37  5:18  Photon Cannon  
  37  5:26  Stalker x3  
  37  5:27  Stalker  
  45  5:31  Probe  
  46  5:39  Photon Cannon  
  46  5:42  Photon Cannon  
  46  5:43  Probe  
  46  5:45  Photon Cannon  
  47  5:54  Pylon  
  47  5:55  Probe  
  48  6:02  Robotics Bay  
  48  6:04  Stalker x3  
  48  6:08  Probe  
  54  6:45  Immortal  
  58  6:55  Gateway  
  58  6:56  Gateway  
  58  7:01  Pylon  
  58  7:03  Pylon  
  58  7:06  Nexus, Pylon  
  58  7:07  Zealot x2  
  58  7:08  Zealot x2  
  66  7:32  Pylon  
  66  7:36  Pylon  
  66  7:40  Pylon  
  66  7:41  Pylon  
  66  7:45  Colossus (Chrono Boost)  
  66  7:46  Pylon  
  72  7:55  Robotics Facility  
  72  7:56  Protoss Ground Weapons Level 1  
  72  8:01  Photon Cannon  
  72  8:10  Photon Cannon  
  63  8:37  Zealot x4  
  42  8:56  Colossus (Chrono Boost)  
  42  8:58  Colossus (Chrono Boost)  
  42  9:01  Mothership Core  
  54  9:10  Gateway  
  54  9:11  Gateway  
  54  9:13  Gateway  
  54  9:14  Extended Thermal Lance (Chrono Boost)  
  54  9:15  Gateway  
  52  9:24  Zealot x3  
  52  9:25  Zealot  
  58  10:00  Pylon  
  58  10:03  Pylon, Warp Prism (Chrono Boost)  
  58  10:05  Colossus (Chrono Boost)  
  66  10:07  Pylon  
  66  10:16  Stargate  
  66  10:24  Photon Cannon  
  66  10:52  Gateway  
  66  10:53  Gateway  
  66  10:55  Gateway  
  66  10:57  Gateway  
  66  10:58  Nexus  
  66  11:10  Stalker x3  
  62  11:37  Zealot x3  
Show
View Real Time Build Order
Export as new Build Order

lesha Terran - Winner!

Build Orders: Reaper Expand, MMM Bio 

Get SALT Encoding   

  12  0:01  SCV  
  13  0:13  SCV  
  14  0:18  Supply Depot  
  14  0:25  SCV  
  15  0:39  SCV  
  15  0:40  Barracks  
  16  0:46  Refinery  
  16  0:51  SCV  
  17  1:03  SCV  
  18  1:15  SCV  
  19  1:33  Reaper  
  19  1:34  Orbital Command  
  20  1:55  Supply Depot  
  20  1:56  Refinery  
  20  2:02  SCV  
  20  2:05  Command Center  
  21  2:15  Barracks Reactor  
  21  2:26  Barracks  
  21  2:37  SCV  
  21  2:58  Factory  
  21  3:01  Barracks  
  21  3:05  SCV, Engineering Bay, Supply Depot  
  22  3:17  SCV  
  23  3:20  Marine x2  
  23  3:22  Barracks Tech Lab  
  23  3:26  SCV  
  26  3:29  SCV  
  27  3:39  Orbital Command  
  27  3:43  Marine x2  
  27  3:45  Marauder  
  31  3:54  SCV  
  32  3:56  Barracks Reactor, Factory Tech Lab  
  32  4:03  Starport  
  32  4:06  SCV, Marine  
  34  4:13  Orbital Command  
  34  4:19  Siege Tank  
  34  4:22  Marine  
  38  4:25  Marauder  
  40  4:36  SCV  
  41  4:38  SCV  
  42  4:45  Marine x2  
  42  4:46  Marine  
  42  4:48  SCV  
  42  4:50  SCV  
  42  4:52  Stimpack  
  46  5:04  Starport Reactor  
  46  5:06  Marine x3  
  46  5:07  Marine  
  50  5:17  Marauder  
  52  5:24  Siege Tank  
  52  5:27  Supply Depot  
  52  5:28  Terran Infantry Weapons Level 1  
  55  5:29  Supply Depot  
  55  5:32  Supply Depot, Marine x2  
  55  5:33  SCV  
  55  5:35  SCV  
  59  5:42  Medivac  
  61  5:52  Medivac  
  61  5:53  Marine x4  
  61  5:54  Marine  
  61  5:56  SCV x2  
  70  6:07  Missile Turret  
  70  6:10  Missile Turret  
  70  6:12  Missile Turret  
  70  6:14  Missile Turret  
  70  6:16  SCV x2  
  72  6:19  Missile Turret  
  72  6:29  Marine x5  
  77  6:46  Marine x2  
  78  6:48  Barracks  
  78  6:49  Barracks  
  78  6:51  Barracks  
  78  6:52  SCV x2  
  81  6:58  Refinery  
  81  7:02  Refinery  
  81  7:04  SCV  
  81  7:05  SCV  
  75  7:28  Marine x4  
  75  7:29  Marine  
  70  7:31  Medivac x2  
  70  7:34  Combat Shields  
  70  7:37  Terran Infantry Armor Level 1  
  74  7:42  Engineering Bay  
  74  7:46  Armory, Marine  
  74  7:47  Marauder  
  74  7:48  SCV x2  
  79  7:58  Marine x3  
  81  8:01  Barracks Reactor, Barracks Tech Lab  
  81  8:02  Barracks Tech Lab  
  82  8:18  Marine x4  
  86  8:34  SCV  
  86  8:35  SCV  
  86  8:39  Command Center  
  81  8:48  Marine x3  
  81  8:49  Marine x2  
  86  8:58  Supply Depot  
  86  9:00  Supply Depot  
  86  9:05  Supply Depot x2  
  86  9:08  Supply Depot  
  86  9:20  Marauder x3  
  92  9:41  Marauder x3  
  89  9:46  SCV x2  
  89  9:51  Orbital Command  
  88  9:56  Marine x2  
  88  9:57  Marine x4  
  88  9:58  SCV x2  
  96  10:03  Marauder x3  
  102  10:14  Marine  
  103  10:25  Marine  
  103  10:26  Marine x5  
  103  10:27  Command Center, Marauder x2  
  113  10:28  Medivac x2  
  113  10:35  SCV x3  
  120  10:44  Marauder  
  120  10:47  SCV x2  
  120  10:48  SCV, Marauder  
  127  10:59  SCV  
  128  11:11  SCV x2  
  128  11:12  SCV, Marine x2  
  128  11:13  Marine x2  
  128  11:14  Marauder x3  
  141  11:21  Supply Depot  
  141  11:23  Supply Depot  
  141  11:28  Supply Depot  
  141  11:38  Marine x6  
  141  11:39  SCV, Marauder x2  
  152  11:40  Medivac x2  
  156  11:57  Orbital Command  
  156  12:00  SCV x3  
Tags
 
Add a new tag
Caveats
  • Supply blocks, unpowered buildings, or Contaminate may cause inaccurate times.
  • Supply counts are checked every 10 seconds.